 Dungeon Crawl Stone Soup version 0.29-a0-334-gb41bcbb86e (webtiles) character file.

Game seed: 14879393669458584779

1808 zishaf the Grappler (level 8, -21/83 HPs)
             Began as a Troll Delver on Apr 14, 2022.
             Was a Follower of Fedhas.
             Demolished by an orc warrior
             ... wielding the +8 Wrath of Trog {antimagic, *Rage Rampage}
              (36 damage)
             ... on level 6 of the Dungeon.
             The game lasted 00:08:12 (4576 turns).

zishaf the Grappler (Troll Delver)                  Turns: 4576, Time: 00:08:19

Health: -21/83     AC:  6    Str: 23    XL:     8   Next: 84%
Magic:  0/10       EV:  9    Int:  6    God:    Fedhas [*.....]
Gold:   263        SH:  5    Dex: 11    Spells: 7/7 levels left

rFire   . . .      SeeInvis .     - Unarmed
rCold   . . .      Faith    .   (no shield)
rNeg    . . .      Spirit   .   q - +0 troll leather armour {Pargi}
rPois   .          Reflect  +   (helmet restricted)
rElec   .          Harm     .   (no cloak)
rCorr   +          Rampage  .   (gloves unavailable)
Will    .....                   (boots unavailable)
Stlth   ++........              n - amulet of reflection
HPRegen 1.83/turn               m - ring of resist corrosion
MPRegen 0.12/turn               (no ring)

@: studying Invocations
A: large, unfitting armour, claws 3, regeneration 1, shaggy fur 1, tough skin 1
a: Renounce Religion


You were on level 6 of the Dungeon.
You worshipped Fedhas.
Fedhas was aware of your devotion.
You visited 1 branch of the dungeon, and saw 6 of its levels.

You collected 263 gold pieces.

Inventory:

Hand Weapons
 a - a +0 hunting sling
Armour
 k - a +0 robe
 q - a +0 troll leather armour (worn) {Pargi}
Jewellery
 m - a ring of resist corrosion (left claw)
 n - an amulet of reflection (around neck)
Wands
 f - a wand of digging (9)
 r - a wand of flame (4)
Scrolls
 b - 2 scrolls of fog
 c - 4 scrolls of magic mapping
 d - 3 scrolls of fear
 h - 3 scrolls of identify
 l - a scroll of immolation
 t - a scroll of summoning {unknown}
 v - a scroll of enchant weapon {unknown}
Potions
 e - 2 potions of haste
 g - 5 potions of curing
 i - a potion of flight {unknown}
 j - a potion of heal wounds
 o - a potion of brilliance
 p - 2 potions of mutation
 s - a potion of attraction
 u - a potion of berserk rage {unknown}


   Skills:
 + Level 5.7 Fighting
 - Level 1.5 Dodging
 - Level 2.7 Stealth
 * Level 9.0 Unarmed Combat
 + Level 5.0 Invocations


You had 7 spell levels left.
You didn't know any spells.
Your spell library contained the following spells:

 Spells                   Type           Power      Damage    Failure   Level
 Foxfire                  Conj/Fire      0%         2x1d4     50%         1
 Magic Dart               Conj           0%         1d3       50%         1
 Searing Ray              Conj           0%         2d4       65%         2
 Conjure Flame            Conj/Fire      0%         6-21      86%         3
 Ignite Poison            Fire/Tmut/Pois 0%         N/A       86%         3
 Inner Flame              Hex/Fire       0%         N/A       86%         3
 Mephitic Cloud           Conj/Pois/Air  0%         N/A       86%         3
 Flame Wave               Conj/Fire      0%         2d4       99%         4
 Fulminant Prism          Conj/Hex       0%         3d6       99%         4
 Freezing Cloud           Conj/Ice/Air   0%         6-21      100%        5
 Simulacrum               Ice/Necr       0%         N/A       100%        6
 Polar Vortex             Ice            0%         N/A       100%        9


Dungeon Overview and Level Annotations

Branches:
Dungeon (6/15)             Temple (0/1) D:5

Altars:
Dithmenos
Fedhas
Gozag
Makhleb
Okawaru
Qazlal
Trog


Innate Abilities, Weirdness & Mutations

You are too large for most types of armour.
You have claws for hands.
Your natural rate of healing is unusually fast.
You are covered in fur. (AC +1)
You have tough skin. (AC +1)


Message History

You see here a necrophage corpse.
You mangle the jelly!!
You kill the jelly!
Fedhas accepts your kill.
Your Unarmed Combat skill increases to level 9!
Your Invocations skill increases to level 5!
No target in view!
You now have 263 gold pieces (gained 9).
e - 2 potions of haste (gained 1)
g - 4 potions of curing (gained 1)
g - 5 potions of curing (gained 1)
An iguana comes into view.
Found an orange potion and 22 stones.
The orc warrior shouts!
The iguana hisses angrily.
You claw the iguana!
You kill the iguana!
Fedhas appreciates your contribution to the ecosystem.
Found a +0 vorpal flail.
An iguana comes into view.
The orc warrior goes berserk!
The orc warrior hits you with the +8 Wrath of Trog {antimagic, *Rage Rampage}!
You feel your power leaking away.
Press: ? - help, v - describe, . - travel
Here: an orc warrior, wielding the +8 Wrath of Trog {antimagic, *Rage Rampage} and wearing a +6 plate armour of ponderousness (berserk)
The floor.
The iguana hisses angrily.
You scratch the orc warrior.
The orc warrior is lightly wounded.
The orc warrior completely misses you.
You closely miss the orc warrior.
The orc warrior is lightly wounded.
The orc warrior hits you with the +8 Wrath of Trog {antimagic, *Rage Rampage}!!
You feel your power leaking away.
You barely miss the orc warrior.
The orc warrior is lightly wounded.
The orc warrior hits you with the +8 Wrath of Trog {antimagic, *Rage Rampage}!!
* * * LOW HITPOINT WARNING * * *
The orc warrior hits you with the +8 Wrath of Trog {antimagic, *Rage Rampage}!!!
You die...
Fedhas appreciates your contribution to the ecosystem.

.........#.....
...............
......)......... .
...8...8.8.8..... .
...........(.#... ...
................. ....
..........o.l..# .....
...?...8.@..#..## .....
................# ##...
...8.......8...## #....
..............#####. .....
...8...8.8.8..#.#... .....
............#.............
.!.........###............
...........##.............
...........##.............


You could see an orc warrior (berserk) and an iguana.

Vanquished Creatures
  A wraith (D:5)
  3 black bears
  Pargi (D:4)
  An ogre (D:5)
  A centaur (D:4)
  2 phantoms
  A kobold brigand (D:4)
  A necrophage (D:6)
  3 scorpions
  A killer bee (D:4)
  A howler monkey (D:6)
  A hound (D:4)
  2 jellies
  4 orc priests
  An iguana (D:6)
  Natasha (thrice) (D:4)
  An orc wizard (D:3)
  3 gnolls (D:3)
  10 adders
  2 white imps
  An ufetubus (D:5)
  A worm (D:2)
  2 dart slugs
  27 orcs
  10 endoplasms
  2 giant cockroaches
  7 goblins
  7 hobgoblins
  2 jackals (D:2)
  3 quokkas
  12 ball pythons
  5 bats
  2 frilled lizards
  2 kobolds
  6 rats
132 creatures vanquished.

Notes
Turn   | Place    | Note
-------+----------+-------------------------------------------
     0 | D:5      | zishaf the Troll Delver began the quest for the Orb.
     0 | D:5      | Reached XP level 1. HP: 22/22 MP: 0/0
    10 | D:5      | Found an opulent altar of Gozag.
    22 | D:5      | Reached XP level 2. HP: 27/29 MP: 1/1
   285 | D:1      | Reached skill level 3 in Unarmed Combat
   315 | D:1      | Reached XP level 3. HP: 36/36 MP: 2/2
  1183 | D:2      | Reached XP level 4. HP: 45/45 MP: 3/3
  1510 | D:2      | Reached skill level 4 in Unarmed Combat
  2060 | D:3      | Reached XP level 5. HP: 53/53 MP: 4/4
  2335 | D:3      | Reached skill level 5 in Unarmed Combat
  2378 | D:3      | Found a faded altar of an unknown god.
  2478 | D:4      | Noticed Natasha
  2490 | D:4      | Killed Natasha
  2491 | D:4      | Reached XP level 6. HP: 52/62 MP: 5/5
  2615 | D:4      | Found a bloodstained altar of Trog.
  2653 | D:4      | Found an iron altar of Okawaru.
  2656 | D:4      | Found a stormy altar of Qazlal.
  2656 | D:4      | Found a burning altar of Makhleb.
  2656 | D:4      | Found a shadowy altar of Dithmenos.
  2657 | D:4      | Found a blossoming altar of Fedhas.
  2686 | D:4      | Reached skill level 6 in Unarmed Combat
  2694 | D:4      | Became a worshipper of Fedhas Madash
  2898 | D:4      | Reached XP level 7. HP: 44/70 MP: 6/6
  3242 | D:4      | Noticed Natasha
  3251 | D:4      | Killed Natasha
  3251 | D:4      | Reached * piety under Fedhas
  3306 | D:4      | Noticed Pargi
  3310 | D:4      | Identified the +3 chain mail "Kuatofi" {Drain Fly rC+}
  3323 | D:4      | Killed Pargi
  3324 | D:4      | Reached skill level 7 in Unarmed Combat
  3324 | D:4      | Reached skill level 1 in Invocations
  3529 | D:4      | Noticed Natasha
  3533 | D:4      | Killed Natasha
  3640 | D:5      | You fall into a shaft and drop 1 floor!
  3720 | D:6      | Reached skill level 5 in Fighting
  3720 | D:6      | Reached XP level 8. HP: 72/80 MP: 7/9
  3793 | D:5      | Found a staircase to the Ecumenical Temple.
  3939 | D:5      | Reached skill level 8 in Unarmed Combat
  4523 | D:6      | Reached skill level 9 in Unarmed Combat
  4523 | D:6      | Reached skill level 5 in Invocations
  4576 | D:6      | Demolished by an orc warrior

Illustrated notes

Levels and vault maps discovered:
D:1:      eino_arrival_water_cross, layout_loops_ring, serial_rivers,
          chequers_serial_rivers_micro_c, chequers_serial_rivers_micro_b,
          chequers_serial_rivers_micro_e, chequers_serial_rivers_micro_a,
          chequers_serial_rivers_small_b
D:2:      layout_basic
D:3:      layout_basic, shapermc_ecumenical_altar_pompeii
D:4:      layout_basic, mainiacjoe_overflow_surrounded_room,
          grunt_temple_overflow_open, minmay_tree_intersection,
          chequers_mini_garden, minmay_manual_monolith, uniq_pargi, uniq_natasha
D:5:      layout_basic, mainiacjoe_overflow_chevrons, temple_fountains
D:6:      layout_cave_pools, serial_column_ruins, column_ruins_square_small,
          column_ruins_square_large, column_ruins_columns_T,
          column_ruins_corridor_corner, column_ruins_columns_straight,
          column_ruins_corridor_straight, column_ruins_grid_1,
          column_ruins_open_tiny, mrwooster_statue_mirror

Skill      XL: |  1  2  3  4  5  6  7  8 |
---------------+-------------------------+-----
Unarmed Combat | 3 4 5 6 7 9 |  9.0
Fighting       | 3 4 5 |  5.7
Invocations    | 3 5 |  5.0
Dodging        | |  1.5
Stealth        | |  2.7

Action                   |  1- 3 |  4- 6 |  7- 9 || total
-------------------------+-------+-------+-------++-------
Melee: Unarmed           |    93 |   151 |   115 ||   359
       Punch             |     2 |     7 |     3 ||    12
  Use: Scroll            |       |       |     7 ||     7
       Potion            |       |       |     1 ||     1
 Stab: Sleeping          |     4 |     9 |     3 ||    16
Armor: Robe              |    35 |    46 |     4 ||    85
       Troll leather arm |       |       |    27 ||    27
Dodge: Dodged            |    28 |    68 |    40 ||   136
Block: Other             |       |    22 |    20 ||    42
       Reflection        |       |     1 |     1 ||     2

Table legend: (Time is in decaauts)
 A = Elapsed time spent in this place.
 B = Non-inter-level travel time spent in this place.
 C = Inter-level travel time spent in this place.
 D = Time resting spent in this place.
 E = Time spent auto-exploring this place.
 F = Levels seen in this place.
 G = Mean time per level.
                   A        B        C        D        E       F      G
               +--------+--------+--------+--------+--------+-----+--------+
         Total |   4533 |   4355 |    178 |     12 |   3293 |   6 |  755.5 |
       Dungeon |   4533 |   4355 |    178 |     12 |   3293 |   6 |  755.5 |
               +--------+--------+--------+--------+--------+-----+--------+

Top non-repeatable levels by time:
     D:4: 1150 daAuts
     D:2: 956 daAuts
     D:5: 863 daAuts
     D:1: 759 daAuts
     D:3: 607 daAuts
     D:6: 194 daAuts
